Map: Tokamak LE

Players

Mixu

  • Race: Zerg Zerg
  • League: Master
  • Spawn Location: 1:00

ShoWTimE - Winner!

  • Race: Protoss Protoss
  • League: Grandmaster
  • Spawn Location: 7:00

Event: HomeStory Cup XXVII

VOD

Have the link to the VOD?

Description

Time

  • Played on: June 27, 2025, 11:39 a.m.
  • Length: 13:14

All games in this series

Show
View Real Time Build Order
Export as new Build Order

Mixu Zerg 

Build Orders: Hatch First 

Get SALT Encoding   

  12  0:00  Drone  
  13  0:09  Drone  
  14  0:14  Extractor  
  14  0:15  Drone  
  15  0:22  Overlord  
  15  0:41  Drone  
  16  0:49  Drone, Hatchery  
  16  0:52  Drone  
  16  0:56  Drone  
  18  1:06  Extractor  
  17  1:11  Spawning Pool  
  17  1:14  Drone  
  17  1:17  Drone  
  18  1:27  Drone  
  19  1:37  Drone  
  20  1:51  Overlord  
  20  1:58  Queen  
  22  2:01  Zergling x2  
  22  2:02  Drone, Queen  
  26  2:10  Drone  
  26  2:12  Drone  
  26  2:14  Metabolic Boost  
  28  2:20  Drone  
  28  2:22  Drone  
  30  2:36  Hatchery  
  29  2:38  Drone  
  29  2:41  Drone  
  31  2:44  Overlord  
  31  2:52  Drone  
  31  2:55  Queen  
  31  2:57  Zergling x2  
  35  3:03  Zergling x2  
  36  3:06  Drone x2  
  36  3:09  Drone x3  
  36  3:11  Zergling x2  
  42  3:13  Zergling x2  
  42  3:15  Zergling x2  
  44  3:21  Overlord  
  43  3:31  Drone x2  
  40  3:36  Drone  
  40  3:40  Queen  
  43  3:41  Drone  
  43  3:43  Drone  
  45  3:51  Drone x2  
  45  3:55  Drone  
  48  4:00  Drone x2, Evolution Chamber  
  49  4:03  Drone  
  49  4:08  Overlord  
  49  4:09  Drone  
  53  4:13  Drone x2  
  53  4:14  Drone  
  54  4:22  Drone x2  
  54  4:23  Drone  
  54  4:24  Drone x2  
  57  4:26  Zerg Melee Weapons Level 1  
  57  4:27  Drone x2  
  59  4:34  Hatchery  
  59  4:35  Drone  
  59  4:36  Drone  
  60  4:42  Spore Crawler  
  55  4:46  Drone x5  
  55  4:49  Drone  
  55  4:52  Drone  
  58  4:57  Overlord  
  58  5:01  Overlord  
  58  5:05  Drone  
  58  5:08  Lair  
  58  5:09  Overlord  
  58  5:17  Drone  
  58  5:18  Drone x6, Spore Crawler  
  64  5:23  Drone x3  
  64  5:25  Drone x2  
  64  5:28  Drone  
  70  5:33  Drone x3, Extractor  
  70  5:35  Extractor, Queen  
  73  5:38  Extractor  
  73  5:40  Drone  
  68  5:43  Drone x4  
  68  5:47  Queen  
  68  5:48  Zergling x4  
  74  5:51  Zergling x6  
  74  5:55  Evolution Chamber  
  76  5:58  Overlord, Spore Crawler  
  76  6:01  Drone x2  
  72  6:12  Drone x6  
  72  6:16  Drone  
  77  6:22  Drone x5  
  79  6:29  Zerg Melee Weapons Level 2  
  79  6:34  Hydralisk Den  
  79  6:36  Overlord  
  79  6:39  Drone x8  
  86  6:40  Zergling x2  
  86  6:42  Zergling x2  
  86  6:43  Zergling x4  
  90  6:48  Overlord  
  90  6:49  Zergling x6  
  93  6:54  Zergling x6  
  96  7:03  Zergling x12  
  96  7:06  Zergling x6  
  105  7:09  Zergling x2  
  105  7:10  Hatchery  
  105  7:12  Spore Crawler  
  105  7:13  Zergling x6  
  100  7:16  Zergling x2  
  100  7:21  Zergling x12  
  104  7:24  Zergling x4  
  104  7:27  Muscular Augments  
  104  7:29  Zergling x2  
  100  7:31  Zergling x2  
  100  7:34  Queen x4  
  107  7:39  Zergling x4  
  107  7:41  Overlord x2  
  109  7:44  Baneling Nest  
  109  7:49  Zergling x8  
  112  7:53  Overlord x3  
  114  8:05  Zergling x14  
  113  8:13  Zergling x16  
  119  8:20  Zergling x4  
  119  8:26  Hydralisk x6  
  133  8:29  Hydralisk, Centrifugal Hooks  
  133  8:31  Grooved Spines  
  133  8:32  Hydralisk, Baneling x11  
  137  8:36  Hydralisk  
  137  8:40  Zergling x6  
  142  8:46  Zergling x6  
  140  8:52  Hydralisk x3  
  140  8:53  Hydralisk  
  140  8:54  Zergling x16  
  154  8:57  Zergling x6  
  144  9:03  Hydralisk  
  144  9:06  Zergling x8  
  130  9:10  Zergling x2  
  130  9:14  Hydralisk x2  
  115  9:19  Zergling x6  
  115  9:22  Hydralisk  
  117  9:25  Hydralisk  
  117  9:29  Hydralisk  
  117  9:31  Zergling x8  
  120  9:36  Zergling x8  
  120  9:37  Hatchery  
  120  9:38  Zergling x2  
  121  9:42  Hydralisk  
  121  9:43  Drone  
  119  9:48  Zergling x2  
  119  9:50  Hydralisk x2  
  121  9:53  Zergling x14  
  121  9:58  Zergling x2  
  129  10:01  Zergling x2  
  129  10:05  Spine Crawler  
  129  10:06  Baneling  
  129  10:07  Zergling x6, Baneling x5  
  122  10:13  Zergling x2  
  120  10:14  Hydralisk  
  120  10:20  Zergling x6  
  125  10:23  Zergling x6  
  128  10:29  Zergling x6  
  128  10:34  Hydralisk x2, Hatchery  
  123  10:40  Hydralisk x2  
  105  10:44  Zergling x14  
  101  10:51  Hydralisk x2  
  101  10:52  Zergling x10  
  101  10:54  Hydralisk  
  112  11:01  Extractor  
  112  11:02  Baneling x2  
  112  11:03  Zergling x6  
  114  11:05  Zergling x4  
  114  11:09  Zergling x6  
  119  11:14  Zergling x18  
  123  11:19  Zerg Missile Weapons Level 1  
  123  11:20  Zergling x4  
  123  11:22  Hydralisk x2  
  123  11:24  Zergling x6  
  131  11:27  Hydralisk  
  131  11:31  Zergling x10  
  132  11:34  Hydralisk  
  132  11:39  Zergling x8  
  137  11:42  Zergling x6  
  137  11:44  Baneling x4  
  140  11:47  Zergling x2  
  140  11:48  Zergling x4  
  140  11:53  Zergling x12  
  140  11:55  Hydralisk x2, Drone  
  140  12:00  Hydralisk x2  
  145  12:05  Zergling x6  
  145  12:08  Drone x6  
  154  12:12  Drone  
  155  12:16  Baneling x8  
  155  12:17  Zergling x4  
  155  12:22  Hydralisk, Drone  
  150  12:24  Zergling x6  
  150  12:27  Hydralisk  
  150  12:29  Hydralisk  
  142  12:34  Zergling x8  
  143  12:43  Zergling x10  
  118  12:47  Hydralisk x5  
  118  12:51  Zergling x10  
Show
View Real Time Build Order
Export as new Build Order

ShoWTimE Protoss - Winner!

Build Orders: 1 Gate Expand, Oracle Opening 

Get SALT Encoding   

  12  0:00  Probe  
  13  0:12  Probe  
  14  0:20  Pylon  
  14  0:24  Probe  
  15  0:35  Probe  
  16  0:42  Gateway  
  16  0:43  Probe  
  16  0:49  Assimilator  
  17  0:53  Probe  
  18  1:05  Probe  
  19  1:17  Probe  
  20  1:25  Nexus  
  20  1:35  Cybernetics Core  
  20  1:38  Probe  
  21  1:44  Assimilator  
  21  1:50  Probe  
  21  1:53  Pylon  
  22  2:01  Adept  
  22  2:02  Probe  
  22  2:14  Probe  
  25  2:21  Stargate, Adept  
  25  2:26  Probe  
  26  2:33  Probe  
  28  2:38  Warp Gate  
  28  2:39  Probe  
  28  2:42  Probe  
  30  2:51  Probe, Adept  
  32  2:52  Probe  
  35  2:59  Oracle  
  35  3:03  Probe  
  35  3:04  Probe  
  37  3:08  Pylon  
  40  3:15  Probe  
  40  3:16  Probe  
  42  3:21  Adept  
  44  3:27  Probe  
  44  3:28  Probe  
  44  3:29  Oracle  
  44  3:39  Probe  
  46  3:41  Probe  
  46  3:47  Nexus  
  47  3:51  Probe  
  47  3:53  Probe  
  49  3:56  Pylon  
  49  4:00  Oracle  
  49  4:03  Probe  
  49  4:04  Gateway  
  49  4:05  Probe  
  54  4:11  Pylon  
  54  4:15  Probe  
  55  4:18  Gateway  
  55  4:19  Probe  
  55  4:22  Assimilator  
  55  4:23  Assimilator  
  56  4:26  Stalker  
  56  4:30  Probe  
  59  4:35  Probe  
  60  4:39  Forge  
  60  4:51  Probe  
  59  4:52  Twilight Council  
  59  4:54  Gateway, Probe  
  59  4:56  Gateway  
  59  4:59  Probe, Blink, Stalker  
  63  5:03  Probe  
  63  5:06  Probe  
  65  5:11  Probe  
  65  5:13  Adept  
  68  5:16  Probe  
  68  5:18  Probe  
  70  5:22  Probe, Adept  
  70  5:28  Probe  
  74  5:30  Protoss Ground Weapons Level 1, Probe x2  
  76  5:38  Pylon, Probe  
  76  5:40  Probe  
  76  5:42  Probe, Stalker  
  81  5:43  Shield Battery  
  81  5:50  Probe  
  81  5:52  Pylon, Probe  
  81  5:54  Probe  
  84  6:02  Probe  
  84  6:03  Stalker  
  84  6:04  Stalker x2  
  89  6:06  Probe  
  89  6:10  Gateway  
  90  6:12  Gateway, Probe, Assimilator  
  90  6:13  Pylon  
  90  6:14  Assimilator  
  90  6:15  Probe  
  90  6:18  Stalker  
  90  6:29  Stalker x2  
  94  6:33  Photon Cannon  
  94  6:36  Templar Archives  
  94  6:41  Gateway  
  94  6:44  Gateway  
  94  6:45  Pylon, Stalker x2  
  98  6:50  Pylon  
  98  6:52  Robotics Facility, Charge  
  98  7:05  Zealot x3  
  104  7:20  Protoss Ground Weapons Level 2  
  104  7:21  Stalker x3  
  103  7:31  Psionic Storm  
  103  7:33  High Templar x3  
  109  7:40  Nexus  
  109  7:44  Pylon  
  109  7:49  Probe x3  
  109  7:50  Pylon, High Templar  
  109  7:51  Warp Prism  
  114  7:53  Pylon  
  116  7:58  Zealot x2  
  116  7:59  Zealot x2  
  124  8:05  Photon Cannon  
  124  8:09  Probe  
  124  8:12  Archon x2  
  124  8:13  High Templar x2, Zealot  
  124  8:17  Probe  
  128  8:25  Photon Cannon  
  128  8:26  Photon Cannon  
  128  8:29  High Templar x2  
  128  8:30  Zealot x3  
  128  8:34  Nexus  
  138  8:37  Photon Cannon  
  138  8:38  Probe  
  138  8:39  Shield Battery, Probe x2  
  141  8:42  Observer  
  141  8:43  Stalker, Assimilator  
  141  8:45  Assimilator  
  144  8:55  Zealot x2  
  146  8:56  Zealot  
  148  9:06  Zealot x4  
  141  9:12  Protoss Ground Weapons Level 3  
  141  9:13  Zealot x2  
  131  9:17  Probe  
  131  9:21  Probe x2  
  132  9:29  Pylon  
  118  9:33  High Templar x5, Zealot x2  
  119  9:47  Immortal  
  97  9:56  Zealot x3  
  103  10:01  Photon Cannon  
  103  10:02  Photon Cannon  
  103  10:03  Shield Battery  
  103  10:06  Zealot x5  
  113  10:09  Photon Cannon  
  113  10:11  Shield Battery  
  111  10:17  Immortal  
  111  10:21  Gateway  
  111  10:22  Gateway, High Templar x2  
  111  10:23  Zealot  
  111  10:25  Gateway  
  121  10:29  Archon  
  121  10:33  Zealot x3  
  121  10:34  Archon  
  119  10:37  Zealot x2  
  115  10:46  High Templar  
  114  10:51  Probe  
  114  10:52  Probe x2  
  114  10:56  Immortal, Gateway  
  121  10:57  Gateway  
  121  10:59  High Templar x4  
  129  11:07  Zealot x3  
  129  11:11  Pylon  
  135  11:22  High Templar x2  
  135  11:23  Zealot x2  
  141  11:25  Immortal  
  141  11:27  Archon, Photon Cannon  
  129  11:32  Photon Cannon  
  129  11:37  Zealot x7  
  145  11:41  Gateway  
  145  11:43  Gateway  
  145  11:54  High Templar x2  
  149  11:57  Fleet Beacon  
  149  11:58  Archon  
  149  11:59  Zealot x4  
  149  12:00  High Templar  
  145  12:01  Immortal  
  145  12:04  High Templar x2  
  145  12:06  Probe  
  145  12:07  Probe  
  155  12:08  Archon  
  155  12:20  Zealot x3  
  153  12:31  Zealot x5  
  153  12:32  Warp Prism  
  163  12:37  Zealot x3  
  163  12:42  Archon  
  159  12:45  Zealot x3  
  161  12:55  High Templar x2  
  157  13:01  High Templar x6  
  165  13:06  Archon  
  165  13:07  Archon x2, Nexus  
Tags
 
Add a new tag
Caveats
  • Supply blocks, unpowered buildings, or Contaminate may cause inaccurate times.
  • Supply counts are checked every 10 seconds.